 Dungeon Crawl Stone Soup version 0.25.0-9-g26727b657a (webtiles) character file.

Game seed: 10254353608331085480

1480 Delamore the Basher (level 8, -10/49 HPs)
             Began as a Gargoyle Fighter on June 20, 2020.
             Was a Follower of Okawaru.
             Mangled by an orc warrior
             ... wielding a +0 battleaxe
              (22 damage)
             ... on level 6 of the Dungeon.
             The game lasted 00:07:06 (4790 turns).

Delamore the Basher (Gargoyle Fighter)              Turns: 4790, Time: 00:07:07

Health: -10/49     AC: 18    Str: 21    XL:     8   Next: 79%
Magic:  8/8        EV:  9    Int: 10    God:    Okawaru [*.....]
Gold:   266        SH:  4    Dex:  9    Spells: 7/7 levels left

rFire    . . .     SeeInvis .   x - +8 demon blade "Leech" {vamp, *Rage +Rage rN+}
rCold    . . .     Gourm    .   z - +0 buckler
rNeg     + + .     Faith    .   b - +0 scale mail
rPois    ∞         Spirit   .   o - +0 helmet (curse)
rElec    +         Reflect  .   y - +1 cloak
rCorr    .         Harm     .   s - +1 pair of gloves
MR       .....     Rnd*Rage +   (no boots)
Stlth    ..........             (no amulet)
HPRegen  0.16/turn              r - ring of poison resistance
MPRegen  0.11/turn              (no ring)

@: no status effects
A: negative energy resistance 1, electricity resistance, unbreathing,
petrification resistance, rot immunity, AC +5
a: Heroism, Renounce Religion, Evoke Berserk Rage


You were on level 6 of the Dungeon.
You worshipped Okawaru.
Okawaru was aware of your devotion.
You were hungry.

You visited 2 branches of the dungeon, and saw 7 of its levels.

You collected 266 gold pieces.

Inventory:

Hand Weapons
 a - a +0 flail
 x - the +8 demon blade "Leech" (weapon) {vamp, *Rage +Rage rN+}
   (You found it on level 4 of the Dungeon)

   It inflicts no extra harm, but heals its wielder when it wounds a living foe.
   It protects you from negative energy.
   It lets you go berserk.
   It may make you go berserk in combat.
 E - a +2 flail of protection
Missiles
 v - 15 poisoned darts (quivered)
Armour
 b - a +0 scale mail (worn)
 c - a +0 kite shield
 o - a cursed +0 helmet (worn)
 s - a +1 pair of gloves (worn)
 y - a +1 cloak (worn)
 z - a +0 buckler (worn)
Jewellery
 r - a ring of poison resistance (left hand)
Wands
 w - a wand of polymorph (4)
 B - a wand of acid (10)
 G - a wand of flame (16)
Scrolls
 g - 2 scrolls of enchant weapon {unknown}
 h - 13 scrolls of identify {unknown}
 i - 2 scrolls of fog {unknown}
 j - 6 scrolls of remove curse {unknown}
 m - 2 scrolls of immolation {unknown}
 p - a scroll of amnesia {unknown}
 C - a scroll of torment {unknown}
 D - a scroll of magic mapping {unknown}
 F - a scroll of enchant armour {unknown}
 H - a scroll of fear {unknown}
 J - a scroll of teleportation {unknown}
Potions
 d - 3 potions of might
 e - a potion of haste {unknown}
 k - 2 potions of stabbing {unknown}
 l - a potion of flight {unknown}
 n - a potion of mutation {unknown}
 q - a potion of curing {unknown}
 t - a potion of brilliance {unknown}
 u - a potion of heal wounds {unknown}
 I - a potion of ambrosia {unknown}
Comestibles
 f - 5 rations


   Skills:
 + Level 5.0 Fighting
 - Level 8.9 Maces & Flails
 + Level 5.1 Armour
 + Level 5.0 Shields


You had 7 spell levels left.
You didn't know any spells.
Your spell library contained the following spells:

 Spells                   Type           Power        Failure   Level  Hunger
 Corona                   Hex            #......      67%         1    ##.....
 Ensorcelled Hibernation  Hex/Ice        #.....       82%         2    ###....
 Confusing Touch          Hex            #.......     96%         3    ####...
 Dazzling Flash           Conj/Hex       #.....       96%         3    ####...
 Tukima's Dance           Hex            #.......     96%         3    ####...


Dungeon Overview and Level Annotations

Branches:
Dungeon (6/15)             Temple (1/1) D:5

Altars:
Dithmenos
Elyvilon
Fedhas
Gozag
Nemelex Xobeh
Okawaru
Sif Muna
Vehumet
Xom

Shops:
D:4 (   D:6 [%


Innate Abilities, Weirdness & Mutations

You are resistant to torment.
Your stone body is resilient. (AC +5)
You are immune to poison.
You resist negative energy. (rN+)
You are resistant to electric shocks. (rElec)
You can survive without breathing.
You are immune to petrification.
You are immune to rotting.


Message History

You are too injured to fight recklessly!
You hit the orc warrior.
You feel better.
The orc warrior is almost dead.
The centaur hits you but does no damage.
The orc warrior hits you with a +0 battleaxe!
* * * LOW HITPOINT WARNING * * *
The centaur misses you.
The orc wizard hits you but does no damage.
You closely miss the orc warrior.
The orc warrior is almost dead.
You block the centaur's attack.
The orc warrior hits you but does no damage.
The centaur hits you but does no damage.
The orc wizard closely misses you.
You barely miss the orc warrior.
The orc warrior is almost dead.
The centaur closely misses you. You block the orc wizard's attack.
The leopard gecko barely misses you.
The orc warrior hits you with a +0 battleaxe!!
You die...

.. .. .....# ..##.# $....#
##.....##.....#. .. .............
.......#.......... .
....##............ ..
.......loc........## ...
.......(@o.........###... ..
......#.(...#......#..... ...
.##.....#.....##........... ...#
...#..............##.....#
...#...#...................##
.......#<..................<##
.................##..........##
.....##.........###...÷.........#
.....##..........###......#####..


You could see an orc warrior, a centaur, an orc wizard and a leopard gecko.

Vanquished Creatures
  A water moccasin (D:6)
  A black bear (D:4)
  An ogre (D:4)
  A necrophage (D:6)
  3 centaurs (D:6)
  A wyvern zombie (D:6)
  2 scorpions
  A howler monkey (D:5)
  A crimson imp (D:5)
  3 hounds
  5 orc wizards
  Crazy Yiuf (D:4)
  A jelly (D:5)
  Ijyb (D:3)
  An iguana (D:4)
  4 worker ants
  A hound skeleton (D:4)
  2 adders
  7 gnolls
  A howler monkey skeleton (D:5)
  3 oozes
  2 adder zombies (D:6)
  2 worms
  A dart slug (D:1)
  A leopard gecko (D:4)
  8 orcs
  3 bats
  5 giant cockroaches
  3 goblins
  8 hobgoblins
  5 jackals
  10 kobolds
  A ball python (D:3)
  A ball python zombie (D:5)
  4 frilled lizards
  2 leopard gecko skeletons
  A quokka skeleton (D:4)
  6 rats
105 creatures vanquished.

Notes
Turn   | Place    | Note
-------+----------+-------------------------------------------
     0 | D:1      | Delamore the Gargoyle Fighter began the quest for the Orb.
     0 | D:1      | Reached XP level 1. HP: 14/14 MP: 1/1
   111 | D:1      | Reached XP level 2. HP: 19/19 MP: 2/2
   237 | D:1      | Reached skill level 3 in Maces & Flails
   696 | D:1      | Reached XP level 3. HP: 23/23 MP: 3/3
   866 | D:2      | Found a white marble altar of Elyvilon.
  1210 | D:2      | Reached skill level 4 in Maces & Flails
  1318 | D:2      | Reached XP level 4. HP: 25/28 MP: 4/4
  1575 | D:2      | Found a shimmering blue altar of Sif Muna.
  1731 | D:3      | Found a radiant altar of Vehumet.
  1772 | D:3      | Found an opulent altar of Gozag.
  2445 | D:3      | Noticed Ijyb
  2461 | D:3      | Killed Ijyb
  2461 | D:3      | Reached skill level 5 in Maces & Flails
  2461 | D:3      | Reached XP level 5. HP: 32/32 MP: 5/5
  2511 | D:3      | Found a blossoming altar of Fedhas.
  2961 | D:4      | Noticed an ogre
  2968 | D:4      | Killed an ogre
  2968 | D:4      | Reached skill level 6 in Maces & Flails
  2968 | D:4      | Reached XP level 6. HP: 22/37 MP: 6/6
  3105 | D:4      | Found the +8 demon blade "Leech" {vamp, *Rage +Rage rN+}
  3387 | D:4      | Found a runed translucent door.
  3388 | D:4      | Noticed Crazy Yiuf
  3572 | D:4      | Found Fiebig's Weapon Shop.
  3584 | D:4      | Noticed a black bear
  3592 | D:4      | Killed a black bear
  3592 | D:4      | Reached skill level 7 in Maces & Flails
  3592 | D:4      | Reached XP level 7. HP: 41/41 MP: 7/7
  3633 | D:4      | You fall into a shaft and drop 2 floors!
  3641 | D:6      | Reached skill level 8 in Maces & Flails
  3675 | D:6      | Found Yceesem's Armour Emporium.
  3715 | D:6      | Found an iron altar of Okawaru.
  3720 | D:6      | Became a worshipper of Warmaster Okawaru
  3729 | D:6      | Found Zige's Food Emporium.
  3766 | D:6      | Reached XP level 8. HP: 46/46 MP: 8/8
  3853 | D:5      | Entered Level 5 of the Dungeon
  3960 | D:5      | Reached * piety under Okawaru
  3989 | D:5      | Found a staircase to the Ecumenical Temple.
  4001 | D:5      | Found a shadowy altar of Dithmenos.
  4414 | D:4      | Killed Crazy Yiuf
  4715 | Temple   | Entered the Ecumenical Temple
  4778 | D:6      | Reached skill level 5 in Fighting
  4778 | D:6      | Reached skill level 5 in Armour
  4778 | D:6      | Reached skill level 5 in Shields
  4790 | D:6      | Mangled by an orc warrior

Illustrated notes

Levels and vault maps discovered:
D:1:      dpeg_arrival_water_temple_mockup, layout_loops_corners
D:2:      layout_loops_ring, led_sif_pool, elyvilon_altar_3, first_ration
D:3:      layout_basic, vehumet_crystals, grunt_gozag_statues, fedhas_altar_2,
          uniq_ijyb
D:4:      layout_basic, serial_shops, kennysheep_mini_moat,
          uniq_crazy_yiuf_cottage
D:5:      layout_rooms, nicolae_dithmenos_through_a_glass_darkly,
          temple_fountains, minmay_misc_feat_plants, grunt_tough_drop
D:6:      layout_cave_pools, nicolae_overflow_crystal_walls,
          lightli_temple_of_fire, kennysheep_little_box, serial_shops, shop,
          shop, nicolae_shop_behind_doors, shop, nicolae_shop_crystal
Temple:   compressed_dpeg_triangle_lava_temple

Skill      XL: |  1  2  3  4  5  6  7  8 |
---------------+-------------------------+-----
Maces & Flails | 3 4 5 6 7 8 |  8.9
Armour         | 5 |  5.1
Shields        | 5 |  5.0
Fighting       | 5 |  5.0

Action                   |  1- 3 |  4- 6 |  7- 9 || total
-------------------------+-------+-------+-------++-------
Melee: Flail             |   122 |   105 |       ||   227
       Demon blade       |       |    17 |   113 ||   130
Throw: Dart              |       |     2 |       ||     2
  Eat: Chunk             |     1 |     4 |     4 ||     9
       Ration            |       |     1 |       ||     1
Armor: Scale mail        |    60 |    58 |    80 ||   198
       Skin              |       |     5 |       ||     5
Dodge: Dodged            |    28 |    42 |    78 ||   148
Block: Kite shield       |    75 |    65 |       ||   140
       Buckler           |       |       |    38 ||    38
       Rpst.: Demon blade |       |     1 |    21 ||    22
